cohdb
Replays
Latest Replays
All Replays
Popular Replays
Top Player Replays
Match Explorer
How It Works
Community
CoH3 Stats
Reddit
Sign in to upload your games and track your stats! →
Sign in with Steam
Match 32216716
Unlisted
Match 32216716
Overview
Messages
Build Orders
End
Selects Italian Coastal Battlegroup
Selects Coastal Reserves
Coastal Reserve
Construct Infanterie Kompanie
Coastal Reserve
MG 42 Machine Gun Team
Construct Panzergrenadier Kompanie
Medical Bunker
Panzergrenadier Squad
Panzergrenadier Squad
Pak 40 Anti-tank Gun Team
Panzergrenadier Officer Quarters
Construct Panzer Kompanie
Sturmpanzer IV Brummbär
Selects Artillery Officer
Selects Coastal Wall
Sturmpanzer IV Brummbär
Selects Support Bunkers
Panzer Officer Quarters
카츄사
PubStormer
partondis
Tinyak
Medical soldier
qmfsh
0
0
Comments
sign in to comment!
No comments posted yet!